 Dungeon Crawl Stone Soup version 0.14-a0-1696-g06d0eec (webtiles) character file.

1731 ReteAZ the Cleaver (level 8, 0/62 HPs)
             Began as a Deep Dwarf Earth Elementalist on Dec 30, 2013.
             Was an Initiate of Makhleb.
             Slain by an orc warrior
             ... wielding a -1,+0 orcish battleaxe
              (22 damage)
             ... on Level 6 of the Dungeon.
             The game lasted 00:37:27 (4807 turns).

ReteAZ the Cleaver (Deep Dwarf Earth Elementalist)  Turns: 4807, Time: 00:37:27

HP   0/62        AC 11     Str 17      XL: 8   Next: 54%
MP  20/22        EV 10     Int 16      God: Makhleb [......]
Gold 209         SH  0     Dex 13      Spells:  2 memorised,  8 levels left

rFire  + . .     SeeInvis .     F - +2 war axe
rCold  . . .     Clarity  .     l - +2 ring mail {rF+}
rNeg   . . .     Conserve .     (no shield)
rPois  .         rCorr    .     j - +1 wizard hat
rElec  .         rRot     .     (no cloak)
SustAb . .       Spirit   .     (no gloves)
rMut   .         Warding  .     (no boots)
Saprov . . .     Stasis   .     (no amulet)
                                x - +3 ring of strength
                                h - ring of magical power

@: non-regenerating, stone skin, somewhat resistant to hostile enchantments,
unstealthy
A: damage resistance, recharge devices, sense surroundings 1, slow healing 3
a: Device Recharging, Renounce Religion


You were on level 6 of the Dungeon.
You worshipped Makhleb.
Makhleb was noncommittal.
You were hungry.

You visited 2 branches of the dungeon, and saw 7 of its levels.

You collected 209 gold pieces.

Inventory:

Hand weapons
 z - a +1,+0 dwarven hand axe
 F - a +2,+2 war axe (weapon)
Missiles
 s - 21 darts
 B - 14 poisoned bolts
 E - 15 sling bullets of flame
 K - 3 javelins (quivered)
 M - 11 stones
 O - 6 steel darts
Armour
 c - a +0 robe
 j - a +1 wizard hat (worn)
 l - a +2 ring mail of fire resistance (worn)
Magical devices
 a - a wand of heal wounds (1)
 e - a wand of fireball (3)
 p - a wand of confusion (0)
Comestibles
 f - 4 bread rations
 n - a honeycomb
 r - an apricot
 t - 5 meat rations
Scrolls
 g - a scroll of magic mapping {unknown}
 i - 2 scrolls of curse weapon {unknown}
 m - a scroll of noise {unknown}
 o - a scroll of fog {unknown}
 q - 2 scrolls of amnesia {unknown}
 u - 7 scrolls of identify {unknown}
 v - a scroll of immolation {unknown}
 w - 3 scrolls of random uselessness {unknown}
 y - 3 scrolls of teleportation {unknown}
 A - a scroll of remove curse {unknown}
 G - a scroll of fear {unknown}
 I - a scroll of enchant weapon I {unknown}
 L - a scroll of curse armour {unknown}
Jewellery
 h - a ring of magical power (left hand)
 x - a +3 ring of strength (right hand)
Potions
 k - a potion of agility
 N - 2 potions of degeneration {unknown}
Books
 b - the Disquisition on the Compass
   (You found it on level 5 of the Dungeon)

   Spells                             Type                      Level
   Control Teleport                   Charms/Translocation         4
   Passage of Golubria                Translocation                4
   Disjunction                        Translocation                8
 d - a book of Geomancy

   Spells                             Type                      Level
   *Sandblast                         Earth                        1
   *Stoneskin                         Transmutation/Earth          2
   Passwall                           Transmutation/Earth          3
   Stone Arrow                        Conjuration/Earth            3
   Petrify                            Transmutation/Earth          4
   Lee's Rapid Deconstruction         Earth                        5
Magical staves
 H - an uncursed staff of earth


   Skills:
 + Level 10.1 Axes
 - Level 2.1 Dodging
 - Level 2.4 Stealth
 - Level 2.0 Spellcasting
 - Level 0.8 Transmutations
 + Level 7.3 Earth Magic
 + Level 2.4 Evocations


You had 8 spell levels left.
You knew the following spells:

 Your Spells              Type           Power        Failure   Level  Hunger
a - Sandblast             Erth           ####..       1%          1    #......
b - Stoneskin             Trmt/Erth      ##........   10%         2    ###....


Dungeon Overview and Level Annotations

Branches:
Dungeon (6/16)             Temple (1/1) D:6

Altars:
Cheibriados
Elyvilon
Kikubaaqudgha
Makhleb
Nemelex Xobeh
Sif Muna
Vehumet
Xom
Zin

Shops:
D:3 (


Innate Abilities, Weirdness & Mutations

You are resistant to damage.
You can recharge devices by infusing magical energy.
You passively map a small area around you.
You do not heal naturally.


Message History

The ice beast hits you. The ice beast freezes you!
You slash the ice beast!
You kill the ice beast!
Makhleb accepts your kill.
Your Evocations skill increases to level 2!
Your magical contamination has completely faded away.
An orc warrior comes into view. It is wielding an orcish battleaxe.
The orc warrior shouts!
An orc comes into view.
An orc wizard comes into view. It is wielding an orcish dagger.
The orc wizard shouts!
The orc shouts!
The orc wizard mumbles some strange words.
The orc wizard flickers and vanishes!
Deactivating autopickup; reactivate with Ctrl-A.
Casting: Stoneskin
Confirm with . or Enter, or press ? or * to list all spells.
Your skin hardens.
The orc warrior hits you with an orcish battleaxe!
You die...

, * , * * * , , ,* ,
, *,* * * , , #### ,
, , , ,#... ,*
##########.#... #.##
, #....@o........,
,#.## #.########o#.##
* #.## * #.# , * #.##
#.# , , #.# *
#.#################.#
,
#...................#
###################.#
** ###


You could see an orc warrior and an orc.

Vanquished Creatures
  Grinder (D:5)
  The ghost of ReteAZ the Digger, an average DDEE of Makhleb (D:5)
  Edmund (D:4)
  2 ice beasts
  An ogre (D:4)
  A giant frog (D:6)
  4 crimson imps
  A hound (D:5)
  6 worker ants
  An orc wizard (D:4)
  2 iguanas (D:5)
  A scorpion (D:4)
  A gnoll (D:4)
  6 adders
  An inept feature mimic (D:6)
  3 worms
  An adder zombie (D:4)
  An adder skeleton (D:4)
  3 giant eyeballs
  4 giant geckos
  5 orcs
  2 ball pythons (D:2)
  7 bats
  A bat zombie (D:4)
  6 giant cockroaches
  9 goblins
  6 hobgoblins
  22 jackals
  11 kobolds
  A quokka (D:3)
  3 giant newts
  11 rats
126 creatures vanquished.

Vanquished Creatures (others)
  A bat (D:2)
1 creature vanquished.

Grand Total: 127 creatures vanquished

Notes
Turn   | Place    | Note
--------------------------------------------------------------
     0 | D:1      | ReteAZ, the Deep Dwarf Earth Elementalist, began the quest for the Orb.
     0 | D:1      | Reached XP level 1. HP: 15/15 MP: 2/2
   208 | D:1      | Reached XP level 2. HP: 22/22 MP: 1/4
   386 | D:1      | Reached skill level 5 in Earth Magic
   582 | D:1      | Reached XP level 3. HP: 22/28 MP: 1/6
   886 | D:1      | Learned a level 2 spell: Stoneskin
  1239 | D:2      | Reached skill level 6 in Earth Magic
  1391 | D:2      | Found a white marble altar of Elyvilon.
  1479 | D:2      | Reached XP level 4. HP: 23/36 MP: 7/7
  1647 | D:3      | Found Pso Gry's Antique Weapon Emporium.
  2051 | D:3      | Reached skill level 7 in Earth Magic
  2271 | D:3      | Reached skill level 1 in Axes
  2333 | D:4      | Reached XP level 5. HP: 14/42 MP: 9/9
  2734 | D:4      | Noticed Edmund
  2757 | D:4      | Killed Edmund
  2757 | D:4      | Reached XP level 6. HP: 22/49 MP: 7/10
  2803 | D:4      | Noticed an ogre
  2833 | D:4      | Reached skill level 5 in Axes
  2858 | D:4      | Killed an ogre
  3003 | D:4      | Reached XP level 7. HP: 17/55 MP: 12/12
  3158 | D:5      | Entered Level 5 of the Dungeon
  3258 | D:5      | Found a radiant altar of Vehumet.
  3296 | D:5      | Identified the Disquisition on the Compass
  3320 | D:5      | Paralysed by a giant eyeball for 3 turns
  3325 | D:5      | Paralysed by a giant eyeball for 4 turns
  3385 | D:5      | Noticed Grinder
  3385 | D:5      | Paralysed by Grinder for 2 turns
  3399 | D:5      | Paralysed by Grinder for 3 turns
  3680 | D:5      | Paralysed by a giant eyeball for 4 turns
  3719 | D:5      | Noticed ReteAZ's ghost (average DDEE)
  3787 | D:5      | Killed Grinder
  3787 | D:5      | Reached skill level 8 in Axes
  3787 | D:5      | Reached XP level 8. HP: 37/62 MP: 13/13
  4032 | D:5      | Killed ReteAZ's ghost
  4032 | D:5      | Reached skill level 9 in Axes
  4260 | D:6      | Found a deep blue altar of Sif Muna.
  4430 | D:6      | Reached skill level 10 in Axes
  4430 | D:6      | Reached skill level 1 in Evocations
  4654 | D:6      | Found a staircase to the Ecumenical Temple.
  4664 | D:6      | Paralysed by a potion of paralysis for 3 turns
  4673 | Temple   | Entered the Ecumenical Temple
  4695 | Temple   | Became a worshipper of Makhleb the Destroyer
  4807 | D:6      | Slain by an orc warrior

Action                   |  1- 3 |  4- 6 |  7- 9 || total
-------------------------+-------+-------+-------++-------
Melee: Unarmed           |     4 |       |       ||     4
       Hand axe          |       |     9 |       ||     9
       Dagger            |       |     6 |       ||     6
       War axe           |       |    38 |   185 ||   223
Throw: Javelin           |    43 |    21 |     6 ||    70
       Dart              |       |       |     4 ||     4
 Cast: Sandblast         |    61 |    69 |    35 ||   165
       Stoneskin         |       |     5 |     9 ||    14
Evoke: Wand              |       |     1 |     4 ||     5
  Use: Potion            |       |     6 |     4 ||    10
 Stab: Invisible         |       |       |     1 ||     1
